 Dungeon Crawl Stone Soup version 0.16.1-28-gcc2312f (webtiles) character file.

599753 Krapule the Slayer (level 26, -13/279 (288) HPs)
             Began as a Troll Hunter on May 28, 2015.
             Was the Champion of Jiyva.
             Killed from afar by an orb of fire (58 damage)
             ... with a bolt of fire
             ... on level 5 of the Realm of Zot on May 31, 2015.
             The game lasted 10:59:13 (73444 turns).

Krapule the Slayer (Troll Hunter)                  Turns: 73444, Time: 10:59:14

HP:   -13/279 (288) AC: 24    Str: 18    XL:     26   Next: 45%
MP:   17/17         EV: 36    Int:  8    God:    Jiyva [******]
Gold: 1665          SH: 22    Dex: 42    Spells: 0 memorised, 25 levels left

rFire  . . .     SeeInvis +       - Unarmed
rCold  + + .     Clarity  +     t - +3 faerie dragon armour {rPois rN+ Regen+ Str-2 Int+3}
rNeg   + . .     SustAb   .     K - +0 large shield {AC+3}
rPois  +         Gourm    +     W - +3 crown of Dyrovepreva {rElec Int+2 SInv}
rElec  +         Spirit   .     y - +1 cloak of Hamiq {rPois MR- Str+2 Int-2 SInv}
rCorr  +         Warding  .     (gloves unavailable)
rMut   .         Stasis   .     (boots unavailable)
MR     ++...                    f - amulet of clarity
Stlth  ++........               V - ring of Schuumawougg {+Fly rElec rC+ MR+ Slay+3}
                                q - ring of Xom's Flight of Fancy {MR+ Str+4 Int-2 Dex+6}

@: contaminated, glowing, very resistant to hostile enchantments, unstealthy
A: unfitting armour, claws 3, fangs 1, icy blue scales 1, rough black scales 1,
yellow scales 1, agile 1, breathe flames 1, cold resistance 1, fast metabolism
3, gourmand, poison resistance, regeneration 2, shaggy fur 1, spit poison 1,
strong 2, tough skin 2, acidic bite, pseudopods 1, translucent skin 1, tendrils,
jelly absorbing missiles
a: Spit Poison, Request Jelly, Jelly Paralyse, Slimify, Cure Bad Mutation,
Renounce Religion, Breathe Fire, Evoke Flight
}: 3/15 runes: barnacled, silver, gossamer


You were on level 5 of the Realm of Zot.
You worshipped Jiyva.
Jiyva was exalted by your worship.
You were completely stuffed.

You visited 11 branches of the dungeon, and saw 57 of its levels.
You also visited: Labyrinth, Sewer, Ossuary and Ice Cave.

You collected 5221 gold pieces.
You spent 3556 gold pieces at shops.

Inventory:

Missiles
 z - 154 large rocks (quivered)
Armour
 n - the +6 steam dragon armour of Phaowimu {+Inv rElec rPois rC- Str+2}
   (You acquired it on level 9 of the Dungeon)

   It affects your strength (+2).
   It makes you vulnerable to cold.
   It insulates you from electricity.
   It protects you from poison.
   It lets you turn invisible.
 t - the +3 faerie dragon armour (worn) {rPois rN+ Regen+ Str-2 Int+3}
   (You took it off the Enchantress on level 15 of the Dungeon)

   It affects your strength (-2).
   It affects your intelligence (+3).
   It protects you from poison.
   It protects you from negative energy.
   It increases your rate of regeneration.
 y - the +1 cloak of Hamiq (worn) {rPois MR- Str+2 Int-2 SInv}
   (You acquired it on level 4 of the Orcish Mines)

   It affects your strength (+2).
   It affects your intelligence (-2).
   It protects you from poison.
   It affects your resistance to hostile enchantments.
   It enhances your eyesight.
 E - an ice dragon hide
 K - a +0 large shield of protection (worn)
 W - the +3 crown of Dyrovepreva (worn) {rElec Int+2 SInv}
   (You found it on level 5 of the Vaults)

   It affects your intelligence (+2).
   It insulates you from electricity.
   It enhances your eyesight.
 X - a +0 gold dragon armour
Rods
 C - a -1 rod of inaccuracy (14/14)
   (You found it on level 5 of the Dungeon)
 U - a +4 rod of destruction (9/9)
   (You found it in a labyrinth)
Jewellery
 f - an amulet of clarity (around neck)
 o - an uncursed amulet of regeneration
 q - the ring of Xom's Flight of Fancy (left claw) {MR+ Str+4 Int-2 Dex+6}
   (You bought it in a shop on level 1 of the Depths)

   [ring of protection from magic]

   It affects your strength (+4).
   It affects your intelligence (-2).
   It affects your dexterity (+6).
   It affects your resistance to hostile enchantments.
 G - an uncursed ring of protection from fire
 J - the ring "Soigipn" {rN+ Int+4 SInv}
   (You took it off a deep elf knight on level 5 of the Vaults)

   [ring of intelligence]

   It affects your intelligence (+4).
   It protects you from negative energy.
   It enhances your eyesight.
 M - the ring of Mazomomp {Contam rF+ rN+ Int-5 SInv Stlth+}
   (You acquired it on level 3 of the Lair of Beasts)

   [ring of stealth]

   It affects your intelligence (-5).
   It protects you from fire.
   It protects you from negative energy.
   It enhances your eyesight.
   It causes magical contamination when unequipped.
   It makes you more stealthy.
 R - an uncursed ring of protection from cold
 V - the ring of Schuumawougg (right claw) {+Fly rElec rC+ MR+ Slay+3}
   (You bought it in a shop on level 1 of the Depths)

   [ring of flight]

   It affects your accuracy and damage with ranged weapons and melee attacks
   (+3).
   It protects you from cold.
   It insulates you from electricity.
   It affects your resistance to hostile enchantments.
   It lets you fly.
Magical devices
 h - a wand of heal wounds (8)
 i - a wand of lightning (0)
 j - a wand of teleportation (3)
 w - a wand of fire (4)
 F - a wand of draining (0)
 I - a wand of disintegration (0)
 L - a wand of hasting (4)
 N - a wand of lightning (0)
 O - a wand of lightning (4)
 S - a wand of digging (16)
 Y - a wand of cold (5)
Scrolls
 c - 2 scrolls of enchant weapon
 e - 6 scrolls of blinking
 g - 5 scrolls of identify
 m - 16 scrolls of remove curse
 r - a scroll of magic mapping
 x - 2 scrolls of fog
Potions
 b - 2 potions of cancellation
 k - 2 potions of heal wounds
 l - a potion of berserk rage
 p - 3 potions of curing
 v - 2 potions of brilliance
 B - a potion of invisibility
 D - 6 potions of restore abilities
 Q - 2 potions of haste
 T - 2 potions of might
Comestibles
 a - 11 slices of pizza
 d - 12 meat rations
 s - 4 bread rations
 P - 46 fruits
 Z - a royal jelly


   Skills:
 + Level 21.3 Fighting
 - Level 16.0 Throwing
 + Level 21.2 Dodging
 - Level 5.0 Stealth
 + Level 14.6 Shields
 + Level 18.8 Unarmed Combat
 - Level 2.0 Evocations


You had 25 spell levels left.
You didn't know any spells.

Dungeon Overview and Level Annotations

Branches:
Dungeon (15/15)            Temple (1/1) D:5            Lair (8/8) D:9
 Shoals (5/5) Lair:5       Spider (5/5) Lair:4        Slime (0/6) Lair:6
    Orc (4/4) D:11            Elf (3/3) Orc:4        Vaults (5/5) D:13
  Crypt (0/3) Vaults:2     Depths (5/5) D:15           Hell (1/1)
    Zot (5/5) Depths:5
    Dis: Hell:1         Geh: Hell:1         Coc: Hell:1         Tar: Hell:1

Altars:
Ashenzari
Cheibriados
Dithmenos
Elyvilon
Fedhas
Gozag
Kikubaaqudgha
Makhleb
Nemelex Xobeh
Okawaru
Qazlal
Ru
Sif Muna
Trog
Vehumet
Xom
Zin
The Shining One
Beogh
Jiyva

Shops:
D:8 %[   D:14 }(!:(   D:15 :   Orc:1 *   Orc:4 [*([   Elf:1 }   Elf:2 [
Vaults:2 %!(%   Depths:1 %==(*

Portals:
Hell: Depths:1 Depths:2 Depths:3 Depths:4 Depths:5
Abyss: Depths:4 Depths:5
Pandemonium: Depths:2 Depths:3
Ziggurat: Depths:1
Trove: D:12 (give +4 ice dragon armour)

Annotations:
Hell Geryon, Murray


Innate Abilities, Weirdness & Mutations

You are too large for most types of armour.
You have claws for hands.
Your metabolism is lightning-fast.
You like to eat raw meat.
You heal very quickly.
You are covered in fur (AC +1).
You have very tough skin (AC +2).
You have very sharp teeth.
You are partially covered in icy blue scales (AC +1).
You are partially covered in rough black scales (AC +4, Dex -1).
You are partially covered in yellow scales (AC +2).
You are agile. (Dex +2)
You can breathe flames.
Your flesh is cold resistant.
Your system is resistant to poisons.
You can spit poison.
Your muscles are very strong. (Str +4)
You have acidic saliva.
Armour fits poorly on your pseudopods.
Your skin is partially translucent (Stealth, -foe acc).
Thin tendrils of slime have grown from your body.
You have a small jelly attached to you that may absorb incoming projectiles.


Message History

Evoke which item? (* to show all) (? for menu, Esc to quit)
Zapping:
h - a wand of heal wounds (9)
Press: ? - help, Shift-Dir - straight line, f - you, p - orb of fire You feel much better.
This wand has 8 charges left.
The orb of fire glows red.
The fireball explodes!
The fireball engulfs you!
* * * LOW HITPOINT WARNING * * *
You shudder from the blast and a jelly pops out!
The fireball engulfs the orb of fire.
The orb of fire completely resists.
The fireball engulfs your death ooze.
You hear a shout!
You swap places.
The orb of fire glows deep purple.
The bolt of fire hits your death ooze.
Your death ooze is destroyed!
The bolt of fire misses you.
The orb of fire glows deep purple.
The bolt of fire hits the orb of fire.
The orb of fire completely resists.
The bolt of fire hits you!
You die...

,,,* ##...........##
*,,.....,, ,,,* #........L..#
*,,....,,, ,,,*
##.X.........## *,,.,,,,,,
,,** #J............#
**,,,,,,,, ,**
##....d*X.*....## **,,,,,,,
** #......XXX......# **,,,,,,
#▓▓ ########†########▓▓▓
******* ..# #X####......#
..######## #**.@.......#
..)))[...#
######......#########
..######.# #..........8....
<.#.# #.# ##......###......
..'.# #.# #.........#......
..#.# #.# #.........#......
..#.####.# #.........#......
..#....#'###
#.........#####..
..#........######.........###
#..


You could see 2 orbs of fire and an Orb Guardian.

Vanquished Creatures
  An orb of fire (Zot:3)
  2 ancient liches (Vaults:5)
  4 curse toes
  4 Killer Klowns
  9 golden dragons
  the Enchantress (D:15)
  Nikola (Shoals:4)
  2 hellephants (Zot:1)
  10 tentacled monstrosities
  10 Orb Guardians (Zot:5)
  2 deep elf blademasters
  2 quicksilver dragons
  A titan (Vaults:5)
  2 deep elf master archers (Elf:3)
  Polyphemus (Shoals:4)
  9 sphinxes
  Rupert (Spider:1)
  Agnes (Vaults:4)
  6 storm dragons
  11 shadow dragons
  4 tengu reavers
  7 draconian monks
  The ghost of Miyamura the Whirler, a mighty HaHu of Gozag (Spider:2)
  Ilsuiw (Shoals:4)
  10 frost giants
  7 fire giants
  A ghost moth (shapeshifter) (Vaults:5)
  Maud (Lair:3)
  A cacodemon (Depths:2)
  3 iron dragons
  10 ghost moths
  14 deep elf sorcerers
  Aizul (Shoals:5)
  22 vault wardens
  5 draconian scorchers
  9 draconian knights
  6 draconian zealots
  16 emperor scorpions
  6 draconian annihilators
  9 very ugly things
  7 spriggan defenders
  2 war gargoyles (Vaults:5)
  23 stone giants
  5 draconian shifters
  4 draconian callers
  13 ironheart preservers
  8 grey draconians
  9 deep elf demonologists
  4 green draconians
  4 purple draconians
  7 deep elf annihilators (Elf:3)
  3 vampire knights
  8 red draconians
  9 pale draconians
  8 black draconians
  10 mottled draconians
  2 yellow draconians
  13 dire elephants
  8 white draconians
  5 crystal guardians
  14 ettins
  7 merfolk javelineers
  A green death (Depths:5)
  5 deep elf death magi
  16 merfolk impalers
  17 fire dragons
  Josephine (D:10)
  5 deep elf high priests
  14 yaktaur captains
  38 vault guards
  4 rakshasas
  Fannar (Orc:4)
  8 minotaurs
  13 ice dragons
  10 death cobs
  4 catoblepae
  5 centaur warriors
  3 hydras
  24 ogre magi
  4 merfolk avatars
  A vampire mage (Vaults:2)
  20 death yaks
  17 dancing weapons
  2 satyrs (Shoals:4)
  2 alligator snapping turtles (Shoals:5)
  5 spriggan air magi
  7 deep troll earth magi
  8 merfolk aquamancers
  2 tengu warriors
  7 deep troll shamans
  18 spriggan berserkers
  2 sun demons
  5 orc high priests (Orc:4)
  Nergalle (D:15)
  8 hell knights (Depths:5)
  24 deep elf knights
  4 iron trolls (Depths:4)
  4 skeletal warriors (Vaults:2)
  3 shadow wraiths
  23 deep trolls
  3 unseen horrors
  A fire crab (Vaults:2)
  A swamp dragon (shapeshifter) (Vaults:1)
  A death drake (Zot:2)
  8 sea snakes
  4 small abominations
  3 wizards
  An ice statue (IceCv)
  3 flayed ghosts
  A torturous demonspawn (Depths:2)
  16 ironbrand convokers
  A shadow dragon zombie (Vaults:5)
  Pikel (D:4)
  8 deep elf summoners
  A tengu zombie (Vaults:5)
  7 wolf spider zombies (Spider:1)
  A mana viper (shapeshifter) (Depths:4)
  20 harpies
  14 hill giants
  An anubis guard (shapeshifter) (Depths:1)
  24 ugly things
  14 orc knights
  A manticore (shapeshifter) (Vaults:5)
  4 necromancers
  A sixfirhy (Vaults:5)
  6 water nymphs
  44 wolf spiders
  18 orb spiders
  8 deep elf conjurers
  5 phantasmal warriors
  9 griffons
  19 moths of wrath
  10 hornets
  A shadow dragon skeleton (Depths:1)
  18 manticores
  3 orc sorcerers
  8 sirens
  24 fauns
  14 cyclopes
  11 elephants
  Maurice (D:8)
  6 black mambas
  2 elephants (shapeshifter)
  17 vault sentinels
  An octopode (shapeshifter) (Depths:1)
  11 spiny frogs
  An orange demon (Depths:2)
  3 smoke demons
  7 torpor snails
  Psyche (D:8)
  2 kobold demonologists
  An efreet (D:14)
  A white draconian zombie (Zot:3)
  2 gargoyles
  2 freezing wraiths
  2 fire drakes
  14 demonic crawlers
  74 yaktaurs
  2 tengu conjurers (D:15)
  17 deep elf priests
  A spriggan skeleton (Depths:1)
  9 polar bears
  6 komodo dragons
  A fire drake (shapeshifter) (Depths:2)
  5 trolls
  2 wandering mushrooms (Zot:3)
  20 jumping spiders
  36 merfolk
  A minotaur zombie (Lab)
  2 red devils
  Sonja (Orc:2)
  A polar bear (shapeshifter) (Vaults:4)
  A wind drake (shapeshifter) (Elf:1)
  37 two-headed ogres
  Prince Ribbit (D:9)
  A raiju (shapeshifter) (Vaults:2)
  5 wind drakes
  10 ravens
  8 boulder beetles
  9 snapping turtles
  A minotaur skeleton (Lab)
  An ettin zombie (Vaults:5)
  14 tarantella zombies (Spider:1)
  7 blink frogs
  A basilisk (shapeshifter) (Depths:4)
  A snapping turtle (shapeshifter) (Depths:3)
  An elf skeleton (Depths:1)
  2 air elementals (Depths:2)
  21 trapdoor spiders
  6 basilisks
  3 vampires (Vaults:2)
  62 redbacks
  26 tarantellas
  A centaur simulacrum (D:12)
  6 humans (Zot:1)
  2 ynoxinuls
  A hog (shapeshifter) (Vaults:5)
  A redback (shapeshifter) (Vaults:2)
  7 spriggans
  16 water elementals
  19 deep elf magi
  A yak (shapeshifter) (Vaults:5)
  49 yaks
  12 hippogriffs
  6 wraiths
  A chaos spawn (Depths:2)
  A steam dragon (shapeshifter) (Depths:3)
  20 vampire mosquitoes
  31 deep elf fighters
  A neqoxec (Depths:2)
  Edmund (D:6)
  7 wargs
  4 hungry ghosts
  3 mottled dragons
  45 orc warriors
  10 porcupines
  24 ice beasts
  An ogre (shapeshifter) (Vaults:5)
  14 water moccasins
  A swamp drake (shapeshifter) (Vaults:5)
  A spider (shapeshifter) (Elf:3)
  10 wasps
  2 black bears
  2 phantoms
  12 spiders
  84 ogres
  4 sky beasts
  A slave (D:4)
  A boring beetle (Spider:5)
  A necrophage (D:12)
  4 boggarts (Vaults:3)
  17 centaurs
  Duvessa (D:8)
  4 brain worms
  A brain worm (shapeshifter) (Elf:1)
  7 big kobolds
  21 crocodiles
  19 giant frogs
  2 water moccasin zombies (Ossuary)
  7 spider zombies (Spider:1)
  A warg zombie (Orc:4)
  13 scorpions
  A wyvern skeleton (D:13)
  20 killer bees
  5 wights
  6 electric eels
  2 centaur zombies
  14 crimson imps
  4 quasits
  Dowan (D:8)
  A goliath beetle (Lair:4)
  An iron imp (Depths:2)
  A jelly (Depths:5)
  2 giant frog zombies
  35 orc priests
  13 hounds
  25 orc wizards
  4 centaur skeletons
  3 giant frog skeletons
  9 iguanas
  8 worker ants
  3 hell rats
  26 sheep
  4 big kobold zombies (Ossuary)
  A hound skeleton (D:8)
  A hound zombie (D:5)
  5 mummies
  A worker ant zombie (D:5)
  79 river rats
  5 shadow imps
  13 white imps
  20 adders
  5 giant mites
  6 worms
  6 ufetubi
  9 adder zombies
  4 giant geckos
  169 orcs
  11 bats
  A bat skeleton (D:4)
  7 giant cockroaches
  10 goblins
  26 hobgoblins
  4 jackals
  13 quokkas
  A ball python (D:8)
  5 giant newts
  5 giant spores
  3 gnoll zombies (Ossuary)
  6 hobgoblin zombies
  28 kobolds
  6 kobold zombies
  8 orc zombies
  A quokka skeleton (D:8)
  21 rats
  A spectral orc (D:15)
  13 ballistomycetes
  A fungus (Lair:1)
  2 plants (Shoals:5)
  A tentacle (Shoals:5)
2717 creatures vanquished.

Vanquished Creatures (collateral kills)
  A frost giant (D:15)
  A very ugly thing (Vaults:1)
  A deep elf high priest (Elf:3)
  A deathcap (Zot:3)
  An ugly thing (Vaults:1)
  A wandering mushroom (Zot:3)
6 creatures vanquished.

Vanquished Creatures (others)
  A titan (Depths:3)
  An acid blob (Vaults:5)
  A fire giant (Depths:2)
  An azure jelly (Depths:2)
  A frost giant (Depths:4)
  2 draconian scorchers
  An emperor scorpion (Spider:4)
  A stone giant (Depths:2)
  A deep elf annihilator (Vaults:2)
  A vault guard (Vaults:5)
  A death ooze (Zot:5)
  A fire dragon (Zot:1)
  4 great orbs of eyes
  A deep elf high priest (Elf:1)
  3 centaur warriors
  2 ogre magi
  A deep troll shaman (Depths:2)
  2 death yaks
  An orc high priest (Orc:4)
  2 giant orange brains (Vaults:3)
  A ball lightning (Vaults:4)
  A wizard (Depths:2)
  A deep elf summoner (Elf:3)
  A deep elf conjurer (Elf:3)
  3 ugly things (D:15)
  57 drowned souls
  A moth of wrath (Zot:1)
  A siren (Shoals:2)
  A wyvern (D:15)
  A jumping spider (shapeshifter) (Depths:2)
  2 deep elf priests
  4 yaktaurs
  A two-headed ogre (Vaults:2)
  31 slime creatures
  A tengu simulacrum (Vaults:3)
  4 deep elf magi
  2 tarantellas
  2 redbacks
  A trapdoor spider (shapeshifter) (Vaults:1)
  A hippogriff (D:10)
  A hippogriff (shapeshifter) (D:15)
  3 deep elf fighters
  8 vampire mosquitoes
  2 orc warriors
  7 ogres
  3 spiders
  5 lost souls
  A boggart (Vaults:3)
  2 centaurs
  3 giant frogs
  5 scorpions
  3 killer bees (D:11)
  818 jellies
  3 crimson imps
  2 hounds
  An orc priest (Orc:4)
  5 orc wizards
  A worker ant (D:11)
  A sheep (Shoals:4)
  An adder (Lair:7)
  A river rat (Lair:6)
  A shadow imp (D:15)
  2 ufetubi (Elf:3)
  2 giant geckos
  25 orcs
  A goblin (Orc:1)
  3 hobgoblins
  A quokka (Lair:6)
  8 kobolds
  A ballistomycete (D:13)
  2 fungi
  3 plants
  9 tentacles (Shoals:5)
  439 tentacle segments (Shoals:5)
1519 creatures vanquished.

Grand Total: 4242 creatures vanquished

Notes
Turn   | Place    | Note
--------------------------------------------------------------
     0 | D:1      | Krapule, the Troll Hunter, began the quest for the Orb.
     0 | D:1      | Reached XP level 1. HP: 19/19 MP: 1/1
   282 | D:1      | Reached XP level 2. HP: 25/28 MP: 1/1
   365 | D:1      | Reached skill level 1 in Unarmed Combat
   797 | D:2      | Reached skill level 1 in Stealth
   797 | D:2      | Reached XP level 3. HP: 33/35 MP: 2/2
   994 | D:2      | Found a glowing golden altar of the Shining One.
  1265 | D:2      | Found a sparkling altar of Nemelex Xobeh.
  1538 | D:3      | Reached XP level 4. HP: 42/42 MP: 2/2
  1540 | D:3      | Found a stormy altar of Qazlal.
  2259 | D:3      | Reached skill level 4 in Throwing
  2307 | D:3      | Reached XP level 5. HP: 32/50 MP: 2/2
  2425 | D:4      | Noticed Pikel
  2425 | D:4      | Noticed a slave
  2425 | D:4      | Noticed a slave
  2425 | D:4      | Noticed a slave
  2426 | D:4      | Noticed a slave
  2506 | D:4      | Found a blossoming altar of Fedhas.
  2600 | D:5      | Entered Level 5 of the Dungeon
  2615 | D:5      | Found a sacrificial altar of Ru.
  2647 | D:5      | Found an opulent altar of Gozag.
  2763 | D:5      | Found a staircase to the Ecumenical Temple.
  2797 | D:5      | Found a glowing drain.
  2800 | D:5      | Noticed an ice beast
  2813 | D:5      | Killed an ice beast
  2813 | D:5      | Reached XP level 6. HP: 17/61 MP: 3/3
  2885 | Sewer    | Entered a sewer
  3030 | Sewer    | Found a white marble altar of Elyvilon.
  3299 | D:5      | Reached XP level 7. HP: 67/67 MP: 3/3
  3447 | Temple   | Entered the Ecumenical Temple
  3616 | D:4      | Found an ancient bone altar of Kikubaaqudgha.
  3620 | D:4      | Identified Kikubaaqudgha's Reference Book on Darkness
  3624 | D:4      | Found a deep blue altar of Sif Muna.
  3628 | D:4      | Identified Sif Muna's Tome of Beguiling
  3632 | D:4      | Found a radiant altar of Vehumet.
  3636 | D:4      | Identified Vehumet's Tome of Conjuration
  3676 | D:4      | Killed a slave
  3748 | D:4      | Killed Pikel
  3748 | D:4      | Reached skill level 5 in Throwing
  3748 | D:4      | Reached XP level 8. HP: 36/78 MP: 3/3
  4288 | D:6      | Noticed Edmund
  4295 | D:6      | Killed Edmund
  4382 | D:6      | Found a shimmering altar of Xom.
  4673 | D:7      | Found a glowing silver altar of Zin.
  4674 | D:7      | Found a shattered altar of Ashenzari.
  4765 | D:7      | Reached skill level 6 in Throwing
  4774 | D:7      | Reached skill level 5 in Unarmed Combat
  4803 | D:7      | Found a sand-covered staircase.
  4811 | Ossuary  | Entered an ossuary
  4876 | Ossuary  | Reached skill level 5 in Fighting
  5017 | Ossuary  | Reached skill level 5 in Dodging
  5330 | D:8      | Reached XP level 9. HP: 36/88 MP: 4/4
  5339 | D:8      | HP: 2/88 [killer bee (5)]
  5707 | D:8      | Found Strit's Antique Armour Shop.
  5786 | D:8      | Noticed Duvessa
  5786 | D:8      | Noticed Dowan
  5789 | D:8      | Killed Dowan
  5797 | D:8      | Killed Duvessa
  5926 | D:8      | Found Thriadew's Food Boutique.
  6224 | D:8      | Reached skill level 7 in Fighting
  6467 | D:8      | Reached XP level 10. HP: 86/102 MP: 4/4
  6483 | D:8      | Noticed a centaur warrior
  6506 | D:8      | Killed a centaur warrior
  6801 | D:8      | Noticed Maurice
  6801 | D:8      | Noticed Psyche
  6962 | D:9      | Reached skill level 8 in Fighting
  7107 | D:9      | Found a staircase to the Lair.
  7263 | D:9      | Identified a scroll of acquirement
  7264 | D:9      | Got a citrine-encrusted steam dragon armour
  7275 | D:9      | Identified the +6 steam dragon armour of Phaowimu {+Inv rElec rPois rC- Str+2} (You acquired it on level 9 of the Dungeon)
  7435 | D:10     | Entered Level 10 of the Dungeon
  7630 | D:9      | Noticed Prince Ribbit
  7640 | D:9      | Killed Prince Ribbit
  7646 | D:9      | Noticed a cyclops
  7658 | D:9      | Killed a cyclops
  7723 | D:9      | Identified a -1 rod of inaccuracy (14/14) (You found it on level 5 of the Dungeon)
  7772 | Lair:1   | Entered Level 1 of the Lair of Beasts
  7914 | D:9      | Reached skill level 9 in Fighting
  8032 | Lair:1   | Reached XP level 11. HP: 103/115 MP: 4/4
  8039 | Lair:1   | Found a frozen archway.
  8150 | IceCv    | Entered an ice cave
  8402 | IceCv    | Noticed an ice statue
  8420 | IceCv    | HP: 5/115 [ice beast[an ice statue] (18)]
  8507 | IceCv    | Killed an ice statue
  8511 | IceCv    | Noticed an ice statue
  8673 | IceCv    | Noticed an ice dragon
  9189 | Lair:1   | Identified Iskenderun's Incunabulum of Battle Magic and Feathers
 10136 | Lair:2   | Reached skill level 10 in Fighting
 10503 | Lair:2   | Got a distressingly furry robe
 10514 | Lair:2   | Identified the -3 robe "Deri" {rElec rPois} (You acquired it on level 2 of the Lair of Beasts)
 10536 | Lair:2   | Reached skill level 10 in Dodging
 11472 | Lair:3   | Reached XP level 12. HP: 116/126 MP: 5/5
 12010 | Lair:3   | Noticed Maud
 12032 | Lair:3   | Killed Maud
 12138 | Lair:3   | Got a faintly glowing pewter ring
 12140 | Lair:3   | Identified the ring of Mazomomp {Contam rF+ rN+ Int-5 SInv Stlth+} (You acquired it on level 3 of the Lair of Beasts)
 13053 | Lair:4   | Reached skill level 11 in Fighting
 13339 | Lair:4   | Found a hole to the Spider Nest.
 13977 | Lair:5   | Reached skill level 10 in Unarmed Combat
 14055 | Lair:5   | Reached XP level 13. HP: 130/137 MP: 5/5
 14139 | Lair:5   | Noticed a four-headed hydra
 14151 | Lair:5   | Killed a four-headed hydra
 14424 | Lair:5   | Found a staircase to the Shoals.
 14997 | Lair:6   | Found a staircase to the Slime Pits.
 14998 | Lair:6   | Found a viscous altar of Jiyva.
 15007 | Lair:6   | Became a worshipper of Jiyva Jihu the Shapeless
 15589 | D:2      | Acquired Jiyva's first power
 15633 | Lair:7   | Found an iron altar of Okawaru.
 16214 | Lair:7   | Reached skill level 12 in Fighting
 16511 | Lair:8   | Entered Level 8 of the Lair of Beasts
 16867 | D:9      | Acquired Jiyva's second power
 16954 | D:10     | Noticed Josephine
 17014 | D:10     | Noticed a hill giant
 17019 | D:10     | Killed a hill giant
 17028 | D:10     | Gained mutation: Your mind is acute. (Int +2) [Jiyva's grace]
 17028 | D:10     | Acquired Jiyva's third power
 17278 | D:10     | Noticed a hill giant
 17283 | D:10     | Killed a hill giant
 17291 | D:10     | Gained mutation: Your magical capacity is low (-10% MP). [potion of mutation]
 17291 | D:10     | Gained mutation: You possess an exceptional clarity of mind. [potion of mutation]
 17291 | D:10     | Gained mutation: You have very sharp teeth. [potion of mutation]
 17327 | D:10     | Killed Josephine
 17402 | D:10     | Gained mutation: Your spells are a little harder to cast, but a little more powerful. [Jiyva's grace]
 17438 | D:10     | Noticed a hill giant
 17447 | D:10     | Killed a hill giant
 17463 | D:10     | Acquired Jiyva's fourth power
 17786 | D:10     | Gained mutation: You are partially covered in molten scales (AC +1). [Jiyva's grace]
 18347 | D:11     | Gained mutation: You are robust (+10% HP). [Jiyva's grace]
 18418 | D:11     | Lost mutation: You possess an exceptional clarity of mind. [Jiyva's grace]
 18558 | D:11     | Gained mutation: Scrolls take you a little longer to read. [Jiyva's grace]
 18719 | D:11     | Found a staircase to the Orcish Mines.
 19283 | D:12     | Reached XP level 14. HP: 160/160 MP: 4/4
 19290 | D:12     | Found a labyrinth entrance.
 19305 | Lab      | Entered a labyrinth
 19538 | Lab      | Identified the Incunabulum of the Oath
 19579 | Lab      | Gained mutation: You have a small jelly attached to you that senses nearby items. [Jiyva's grace]
 20207 | D:12     | Found a portal to a secret trove of treasure.
 20215 | D:12     | Lost mutation: You have a small jelly attached to you that senses nearby items. [Jiyva's grace]
 20494 | D:13     | Reached skill level 1 in Evocations
 20546 | D:13     | Gained mutation: Space occasionally distorts in your vicinity. [Jiyva's grace]
 20716 | D:13     | Lost mutation: Space occasionally distorts in your vicinity. [Jiyva's power]
 20718 | D:13     | Gained mutation: You are partially covered in large bone plates (AC +2, SH +2). [potion of mutation]
 20718 | D:13     | Gained mutation: You expend magic power (3 MP) to slightly strengthen your wands. [potion of mutation]
 20733 | D:13     | Found a gate to the Vaults.
 20773 | D:13     | Lost mutation: Scrolls take you a little longer to read. [Jiyva's grace]
 20793 | D:12     | Reached skill level 13 in Fighting
 20806 | D:12     | Lost mutation: You expend magic power (3 MP) to slightly strengthen your wands. [Jiyva's power]
 20807 | D:12     | Lost mutation: Your magical capacity is low (-10% MP). [potion of mutation]
 20807 | D:12     | Gained mutation: Your muscles are strong. (Str +2) [potion of mutation]
 20807 | D:12     | Gained mutation: You are mostly covered in large bone plates (AC +3, SH +3). [potion of mutation]
 20808 | D:12     | Lost mutation: You are mostly covered in large bone plates (AC +3, SH +3). [potion of mutation]
 20936 | D:13     | Lost mutation: Your mind is acute. (Int +2) [Jiyva's grace]
 21021 | D:13     | Gained mutation: You are partially covered in rugged brown scales (AC +1, +3% HP). [Jiyva's grace]
 21231 | D:13     | Gained mutation: You are resistant to electric shocks. [Jiyva's grace]
 21411 | D:13     | Found a glowing golden altar of the Shining One.
 21567 | D:14     | Found a shadowy altar of Dithmenos.
 21669 | D:14     | Found Ovvih's Weapon Emporium.
 21693 | D:14     | Found Ihistrug's Distillery.
 21715 | D:14     | Found Uggeem's Antique Weapon Emporium.
 21798 | D:14     | Found Strokhlu's Book Shop.
 21859 | D:14     | Gained mutation: You are very robust (+20% HP). [Jiyva's grace]
 22209 | D:14     | Gained mutation: You have a small jelly attached to you that may absorb incoming projectiles. [Jiyva's grace]
 22354 | D:14     | Found Chuconai's Gadget Boutique.
 22515 | D:15     | Entered Level 15 of the Dungeon
 22560 | D:15     | Noticed Nergalle
 22657 | D:15     | Gained mutation: Thin tendrils of slime have grown from your body. [Jiyva's grace]
 22685 | D:15     | Killed Nergalle
 22863 | D:15     | Gained mutation: Your spells are harder to cast, but more powerful. [Jiyva's grace]
 22901 | D:15     | Gained mutation: You are somewhat resistant to further mutation. [Jiyva's grace]
 22906 | D:15     | Found a roughly hewn altar of Beogh.
 22936 | D:15     | Found Zaneuvy's Book Shoppe.
 23046 | D:15     | Found a staircase to the Depths.
 23046 | D:15     | Noticed a frost giant
 23061 | D:15     | Killed a frost giant
 23369 | Orc:1    | Entered Level 1 of the Orcish Mines
 23419 | Orc:1    | Found a roughly hewn altar of Beogh.
 23485 | Orc:1    | Lost mutation: Thin tendrils of slime have grown from your body. [Jiyva's grace]
 23550 | Orc:2    | Noticed Sonja
 23571 | Orc:2    | Killed Sonja
 23696 | Orc:1    | Found Streamex's General Store.
 23730 | Orc:1    | Gained mutation: You regenerate. [Jiyva's grace]
 23783 | Orc:1    | Lost mutation: Your spells are harder to cast, but more powerful. [Jiyva's grace]
 24009 | Orc:3    | Found a shimmering altar of Xom.
 24059 | Orc:4    | Entered Level 4 of the Orcish Mines
 24273 | Orc:4    | Noticed Fannar
 24408 | Orc:4    | Killed Fannar
 24655 | Orc:4    | Reached XP level 15. HP: 157/195 MP: 11/11
 24811 | Orc:4    | Reached skill level 14 in Fighting
 24893 | Orc:4    | Lost mutation: You have a small jelly attached to you that may absorb incoming projectiles. [Jiyva's grace]
 25025 | Orc:4    | Lost mutation: You are somewhat resistant to further mutation. [Jiyva's grace]
 25052 | Orc:4    | Lost mutation: Your spells are a little harder to cast, but a little more powerful. [Jiyva's grace]
 25061 | Orc:4    | Gained mutation: Armour fits poorly on your pseudopods. [Jiyva's grace]
 25076 | Orc:4    | Gained mutation: You are somewhat resistant to further mutation. [Jiyva's grace]
 25085 | Orc:4    | Lost mutation: Your muscles are strong. (Str +2) [Jiyva's grace]
 25103 | Orc:4    | Found a staircase to the Elven Halls.
 25207 | Orc:4    | Lost mutation: Armour fits poorly on your pseudopods. [Jiyva's grace]
 25287 | Orc:4    | Lost mutation: You are somewhat resistant to further mutation. [Jiyva's grace]
 25528 | Orc:4    | Found Cacihou's Assorted Antiques.
 25528 | Orc:4    | Found Leasa Riad's Armour Emporium.
 25530 | Orc:4    | Found Qyselit's Antique Armour Emporium.
 25531 | Orc:4    | Found Kliss' Antique Weapon Emporium.
 25540 | Orc:4    | Bought a scroll of acquirement for 1664 gold pieces
 25547 | Orc:4    | Got a twisted cloak
 25558 | Orc:4    | Identified the +1 cloak of Hamiq {rPois MR- Str+2 Int-2 SInv} (You acquired it on level 4 of the Orcish Mines)
 25722 | Orc:3    | Gained mutation: Your skin is partially translucent (Stealth, -foe acc). [Jiyva's grace]
 25736 | Orc:3    | Gained mutation: You have acidic saliva. [Jiyva's grace]
 25932 | Orc:3    | Lost mutation: You are very robust (+20% HP). [Jiyva's grace]
 26039 | Orc:3    | Lost mutation: You are partially covered in large bone plates (AC +2, SH +2). [Jiyva's grace]
 26385 | Orc:2    | Lost mutation: You are robust (+10% HP). [Jiyva's grace]
 26771 | Spider:1 | Entered Level 1 of the Spider Nest
 27430 | Spider:2 | Noticed Miyamura's ghost (mighty HaHu)
 27688 | Spider:2 | Gained mutation: Potions and wands are less effective at restoring your health. [Jiyva's grace]
 28100 | Spider:2 | Gained mutation: Thin tendrils of slime have grown from your body. [Jiyva's grace]
 28247 | Spider:1 | Noticed Rupert
 28321 | Spider:1 | Killed Rupert
 28754 | Spider:1 | Lost mutation: You regenerate. [Jiyva's grace]
 29547 | Spider:2 | Reached XP level 16. HP: 150/175 MP: 11/11
 30523 | Spider:3 | Lost mutation: Potions and wands are less effective at restoring your health. [Jiyva's grace]
 31149 | Spider:3 | Reached skill level 5 in Stealth
 31317 | Spider:4 | Identified a +4 rod of destruction (9/9) (You found it in a labyrinth)
 31504 | Spider:4 | Gained mutation: Your muscles are strong. (Str +2) [Jiyva's grace]
 31544 | Spider:4 | Reached skill level 15 in Fighting
 31682 | Spider:4 | Gained mutation: You have a small jelly attached to you that may absorb incoming projectiles. [Jiyva's grace]
 31957 | Spider:4 | Reached skill level 15 in Dodging
 32131 | Spider:5 | Entered Level 5 of the Spider Nest
 32795 | Spider:5 | Lost mutation: Your muscles are strong. (Str +2) [Jiyva's grace]
 33843 | Spider:5 | Gained mutation: You possess an exceptional clarity of mind. [Jiyva's grace]
 34897 | Spider:5 | Got a gossamer rune of Zot
 35084 | Spider:5 | Reached XP level 17. HP: 42/185 MP: 11/11
 35383 | Spider:2 | Killed Miyamura's ghost
 35622 | D:8      | Lost mutation: You have acidic saliva. [Jiyva's grace]
 35656 | D:8      | Killed Psyche
 35678 | D:8      | Killed Maurice
 35939 | Shoals:1 | Entered Level 1 of the Shoals
 36083 | Shoals:1 | Gained mutation: You are robust (+10% HP). [Jiyva's grace]
 36199 | Shoals:1 | Gained mutation: You have a pair of small horns on your head. [Jiyva's grace]
 36761 | Shoals:1 | Gained mutation: Armour fits poorly on your pseudopods. [Jiyva's grace]
 37298 | Shoals:2 | Lost mutation: You have a small jelly attached to you that may absorb incoming projectiles. [Jiyva's grace]
 37388 | Shoals:2 | Lost mutation: Armour fits poorly on your pseudopods. [Jiyva's grace]
 37706 | Shoals:3 | Gained mutation: Armour fits poorly on your pseudopods. [Jiyva's grace]
 37830 | Shoals:3 | Reached skill level 10 in Throwing
 38275 | Shoals:3 | Gained mutation: Your spells are a little harder to cast, but a little more powerful. [Jiyva's grace]
 38648 | Shoals:4 | Noticed Polyphemus
 39325 | Shoals:4 | Lost mutation: You have a pair of small horns on your head. [Jiyva's grace]
 39558 | Shoals:4 | Lost mutation: You possess an exceptional clarity of mind. [Jiyva's grace]
 39865 | Shoals:4 | Noticed Nikola
 39888 | Shoals:4 | Killed Nikola
 39888 | Shoals:4 | Reached skill level 16 in Fighting
 39909 | Shoals:4 | Lost mutation: Your skin is partially translucent (Stealth, -foe acc). [Jiyva's grace]
 40137 | Shoals:4 | Killed Polyphemus
 40273 | Shoals:5 | Entered Level 5 of the Shoals
 40572 | Shoals:5 | Reached XP level 18. HP: 217/217 MP: 13/13
 40683 | Shoals:5 | Noticed Ilsuiw
 40858 | Shoals:4 | Killed Ilsuiw
 40919 | Shoals:5 | Gained mutation: Your flesh is heat resistant. [Jiyva's grace]
 41197 | Shoals:5 | Lost mutation: Thin tendrils of slime have grown from your body. [Jiyva's grace]
 41225 | Shoals:5 | Lost mutation: You have very sharp teeth. [Jiyva's grace]
 41707 | Shoals:4 | Gained mutation: Thin tendrils of slime have grown from your body. [Jiyva's grace]
 42321 | Shoals:5 | Noticed Aizul
 42338 | Shoals:5 | Killed Aizul
 42362 | Shoals:5 | Gained mutation: Armour fits poorly on your strangely shaped body. [mutagenic meat]
 42363 | Shoals:5 | Lost mutation: Armour fits poorly on your strangely shaped body. [Jiyva's power]
 42364 | Shoals:5 | Gained mutation: You have a somewhat thin skeletal structure (Dex +2, Stealth). [mutagenic meat]
 42548 | Shoals:5 | Gained mutation: Your body is partially covered in golden eyeballs (Acc +3). [Jiyva's grace]
 42727 | Shoals:5 | Gained mutation: You have a small jelly attached to you that senses nearby items. [Jiyva's grace]
 43418 | Shoals:5 | Got a barnacled rune of Zot
 44036 | Vaults:1 | Entered Level 1 of the Vaults
 44112 | Vaults:1 | Gained mutation: You evolve. [Jiyva's grace]
 44431 | Vaults:2 | Found Qeujej's Antique Weapon Shoppe.
 44466 | Vaults:1 | Lost mutation: Your flesh is heat resistant. [Jiyva's grace]
 44638 | Vaults:1 | Gained mutation: You expend magic power (3 MP) to slightly strengthen your wands. [mutagenic meat]
 44639 | Vaults:1 | Gained mutation: You are weak. (Str -2) [mutagenic meat]
 44644 | Vaults:1 | Gained mutation: Your flesh is cold resistant. [mutagenic meat]
 44681 | Vaults:1 | Lost mutation: Your spells are a little harder to cast, but a little more powerful. [evolution]
 44684 | Vaults:1 | Gained mutation: You have a small jelly attached to you that may absorb incoming projectiles. [Jiyva's grace]
 44715 | Vaults:1 | Lost mutation: You expend magic power (3 MP) to slightly strengthen your wands. [Jiyva's power]
 44728 | Vaults:1 | Gained mutation: You are covered in thick fur (AC +2). [Jiyva's grace]
 44753 | Vaults:1 | Lost mutation: You are weak. (Str -2) [Jiyva's power]
 44817 | Vaults:1 | Gained mutation: You are agile. (Dex +2) [Jiyva's grace]
 44959 | Vaults:1 | Lost mutation: You are partially covered in molten scales (AC +1). [Jiyva's grace]
 45226 | Vaults:1 | Lost mutation: Thin tendrils of slime have grown from your body. [Jiyva's grace]
 45350 | Vaults:1 | Lost mutation: Your body is partially covered in golden eyeballs (Acc +3). [mutagenic meat]
 45426 | Vaults:1 | Gained mutation: Your flesh is very cold resistant. [Jiyva's grace]
 45554 | Vaults:1 | Lost mutation: You are robust (+10% HP). [Jiyva's grace]
 45585 | Vaults:2 | Reached XP level 19. HP: 208/208 MP: 13/13
 45804 | Vaults:2 | Lost mutation: You evolve. [potion of mutation]
 45805 | Vaults:2 | Lost mutation: Armour fits poorly on your pseudopods. [potion of mutation]
 45805 | Vaults:2 | Gained mutation: You are partially covered in iridescent scales (AC +4). [potion of mutation]
 45900 | Vaults:2 | Got a crude robe
 45901 | Vaults:2 | Found a staircase to the Crypt.
 45950 | Vaults:2 | Gained mutation: You expend magic power (3 MP) to slightly strengthen your wands. [Jiyva's grace]
 46011 | Vaults:2 | Lost mutation: You expend magic power (3 MP) to slightly strengthen your wands. [Jiyva's grace]
 46053 | Vaults:2 | Found Laurheont's Distillery.
 46286 | Vaults:2 | Lost mutation: You are agile. (Dex +2) [Jiyva's grace]
 46409 | Vaults:2 | Found Ytuuzaq's Food Shop.
 46660 | Vaults:2 | Lost mutation: You have a small jelly attached to you that senses nearby items. [Jiyva's grace]
 46726 | Vaults:2 | Reached skill level 17 in Fighting
 46763 | Vaults:2 | Identified the cursed -1 robe of Orthodoxy {Slay+3} (You found it on level 2 of the Vaults)
 46768 | Vaults:2 | Gained mutation: You are frail (-10% HP). [Jiyva's grace]
 47068 | Vaults:2 | Found Kutuek's Food Emporium.
 47110 | Vaults:2 | Bought a potion of haste for 140 gold pieces
 47249 | Vaults:2 | Gained mutation: Your rubbery body absorbs attacks (AC +1). [Jiyva's grace]
 47263 | Vaults:2 | Reached skill level 1 in Shields
 47266 | Vaults:2 | Gained mutation: You have a pair of small antennae on your head. [Jiyva's grace]
 47541 | Vaults:2 | Lost mutation: You are partially covered in rugged brown scales (AC +1, +3% HP). [mutagenic meat]
 47542 | Vaults:2 | Lost mutation: You are frail (-10% HP). [Jiyva's power]
 47543 | Vaults:2 | Gained mutation: You have large cloven feet. [mutagenic meat]
 47544 | Vaults:2 | Gained mutation: Your spells are a little harder to cast, but a little more powerful. [mutagenic meat]
 47675 | Vaults:2 | Lost mutation: Your spells are a little harder to cast, but a little more powerful. [Jiyva's grace]
 48365 | Vaults:4 | Noticed Agnes
 48375 | Vaults:4 | Killed Agnes
 48453 | Vaults:3 | Found a glowing golden altar of the Shining One.
 48494 | Vaults:3 | Gained mutation: You are partially covered in yellow scales (AC +2). [Jiyva's grace]
 48870 | Vaults:3 | Lost mutation: Your flesh is very cold resistant. [Jiyva's grace]
 48944 | Vaults:3 | Gained mutation: Armour fits poorly on your pseudopods. [Jiyva's grace]
 49074 | Vaults:3 | Lost mutation: You have a pair of small antennae on your head. [Jiyva's grace]
 49238 | Vaults:3 | Gained mutation: Armour fits poorly on your large pseudopods. [Jiyva's grace]
 49465 | Vaults:3 | Lost mutation: Your rubbery body absorbs attacks (AC +1). [Jiyva's grace]
 49804 | Vaults:4 | Reached XP level 20. HP: 198/214 MP: 13/13
 50061 | Vaults:4 | Lost mutation: You are partially covered in iridescent scales (AC +4). [mutagenic meat]
 50199 | Vaults:4 | Lost mutation: You are resistant to electric shocks. [Jiyva's grace]
 50205 | Vaults:4 | Gained mutation: You are partially covered in icy blue scales (AC +1). [Jiyva's grace]
 50241 | Vaults:4 | Reached skill level 5 in Shields
 50424 | Vaults:4 | Lost mutation: You have large cloven feet. [Jiyva's grace]
 50518 | Vaults:4 | Gained mutation: Your skin changes colour to match your surroundings (Stealth). [Jiyva's grace]
 50521 | Vaults:4 | Lost mutation: You have a small jelly attached to you that may absorb incoming projectiles. [Jiyva's grace]
 50531 | Vaults:4 | Lost mutation: Your flesh is cold resistant. [Jiyva's grace]
 50664 | Vaults:4 | Lost mutation: Armour fits poorly on your large pseudopods. [Jiyva's grace]
 50767 | Vaults:4 | Gained mutation: Your mind is acute. (Int +2) [mutagenic meat]
 50768 | Vaults:4 | Lost mutation: You have a somewhat thin skeletal structure (Dex +2, Stealth). [mutagenic meat]
 50769 | Vaults:4 | Gained mutation: You have a pair of small horns on your head. [mutagenic meat]
 50770 | Vaults:4 | Gained mutation: Space occasionally distorts in your vicinity. [mutagenic meat]
 50771 | Vaults:4 | Lost mutation: Space occasionally distorts in your vicinity. [Jiyva's power]
 50773 | Vaults:4 | Gained mutation: You are clumsy. (Dex -2) [mutagenic meat]
 50774 | Vaults:4 | Lost mutation: You have a pair of small horns on your head. [mutagenic meat]
 50775 | Vaults:4 | Gained mutation: You can spit poison. [mutagenic meat]
 50776 | Vaults:4 | Gained mutation: You can spit moderately strong poison. [mutagenic meat]
 50832 | Vaults:4 | Lost mutation: You are clumsy. (Dex -2) [Jiyva's power]
 51063 | Vaults:4 | Lost mutation: Your mind is acute. (Int +2) [Jiyva's grace]
 51532 | Elf:1    | Entered Level 1 of the Elven Halls
 51755 | Elf:1    | Found Etuaw's Gadget Boutique.
 51966 | Elf:1    | Gained mutation: You have sharp toenails. [mutagenic meat]
 52051 | Elf:1    | Gained mutation: Your muscles are strong. (Str +2) [Jiyva's grace]
 52189 | Elf:1    | Lost mutation: You have sharp toenails. [Jiyva's grace]
 52263 | Elf:1    | Lost mutation: Armour fits poorly on your pseudopods. [Jiyva's grace]
 52356 | Elf:2    | Found Satomav's Armour Emporium.
 52366 | Elf:2    | Bought a +0 large shield of protection for 126 gold pieces
 52451 | Elf:2    | Found a runed gate.
 52452 | Elf:2    | Found a runed gate.
 52453 | Elf:2    | Found a runed gate.
 52542 | Elf:2    | Gained mutation: Your flesh is cold resistant. [Jiyva's grace]
 52555 | Elf:2    | Identified the Handbook of Hexes
 52571 | Elf:2    | Reached skill level 18 in Fighting
 52725 | Elf:2    | Lost mutation: Your skin changes colour to match your surroundings (Stealth). [Jiyva's grace]
 52818 | Elf:2    | Lost mutation: You can spit moderately strong poison. [Jiyva's grace]
 53006 | Elf:2    | Gained mutation: Your muscles are very strong. (Str +4) [Jiyva's grace]
 53194 | Elf:2    | Lost mutation: You are covered in thick fur (AC +2). [Jiyva's grace]
 53542 | Elf:3    | Entered Level 3 of the Elven Halls
 53558 | Elf:3    | Found a shimmering altar of Xom.
 53692 | Elf:3    | Gained mutation: You can breathe flames. [Jiyva's grace]
 54163 | Elf:3    | Lost mutation: You can spit poison. [Jiyva's grace]
 54788 | Elf:3    | Lost mutation: Your muscles are very strong. (Str +4) [Jiyva's grace]
 55028 | Elf:2    | Reached XP level 21. HP: 42/226 MP: 15/15
 55289 | Elf:3    | Gained mutation: Thin tendrils of slime have grown from your body. [Jiyva's grace]
 55587 | Elf:3    | Gained mutation: You tend to lose your temper in combat. [Jiyva's grace]
 55647 | Elf:3    | Gained mutation: You are somewhat resistant to further mutation. [Jiyva's grace]
 55740 | Elf:3    | Gained mutation: You are partially covered in molten scales (AC +1). [Jiyva's grace]
 55747 | Elf:3    | Lost mutation: You tend to lose your temper in combat. [Jiyva's power]
 55764 | Elf:3    | Gained mutation: Your mind is acute. (Int +2) [Jiyva's grace]
 56041 | Elf:3    | Lost mutation: You can breathe flames. [Jiyva's grace]
 56106 | Elf:3    | Identified the Handbook of Unholy Rites
 56432 | Depths:1 | Entered Level 1 of the Depths
 56453 | Depths:1 | Noticed the Enchantress
 56757 | D:15     | Killed the Enchantress
 56766 | D:15     | Got a faerie dragon armour
 56991 | D:15     | Identified the +3 faerie dragon armour {rPois rN+ Regen+ Str-2 Int+3} (You took it off the Enchantress on level 15 of the Dungeon)
 56995 | D:15     | Gained mutation: Your body is partially covered in golden eyeballs (Acc +3). [Jiyva's grace]
 57039 | Depths:1 | Found Steba's Weapon Shoppe.
 57041 | Depths:1 | Found Etiotrino's Jewellery Shoppe.
 57060 | Depths:1 | Lost mutation: Your muscles are strong. (Str +2) [Jiyva's grace]
 57068 | Depths:1 | Bought the ring of Schuumawougg {+Fly rElec rC+ MR+ Slay+3} for 793 gold pieces
 57071 | Depths:1 | Bought the ring of Xom's Flight of Fancy {MR+ Str+4 Int-2 Dex+6} for 683 gold pieces
 57080 | Depths:1 | Gained mutation: You expend magic power (3 MP) to slightly strengthen your wands. [mutagenic glow]
 57259 | Depths:1 | Paralysed by a vampire knight for 6 turns
 57277 | Depths:1 | Lost mutation: You expend magic power (3 MP) to slightly strengthen your wands. [Jiyva's power]
 57334 | Depths:1 | Gained mutation: Your body is mostly covered in golden eyeballs (Acc +5). [Jiyva's grace]
 57342 | Depths:1 | Found a gateway to a ziggurat.
 57367 | Depths:1 | Found a snail-covered altar of Cheibriados.
 57513 | Depths:1 | Found a gateway to Hell.
 57523 | Hell     | Entered the Vestibule of Hell
 57523 | Hell     | Noticed Geryon
 57525 | Hell     | Noticed Murray
 57595 | Depths:1 | Lost mutation: You are partially covered in molten scales (AC +1). [Jiyva's grace]
 57601 | Depths:1 | Found Xeunt's General Store.
 57608 | Depths:1 | Bought a scroll of blinking for 150 gold pieces
 57668 | Depths:1 | Found Umyutup's Jewellery Emporium.
 57702 | Depths:1 | Found Shryl's Food Boutique.
 57996 | Depths:2 | Lost mutation: You are somewhat resistant to further mutation. [mutagenic meat]
 58205 | Depths:2 | Lost mutation: Your mind is acute. (Int +2) [Jiyva's grace]
 58218 | Depths:2 | Lost mutation: Your body is mostly covered in golden eyeballs (Acc +5). [Jiyva's grace]
 58261 | Depths:2 | Lost mutation: Your flesh is cold resistant. [Jiyva's grace]
 58437 | Depths:2 | Gained mutation: You are resistant to hostile enchantments. [Jiyva's grace]
 58954 | Depths:2 | Gained mutation: Your magical capacity is low (-10% MP). [a neqoxec]
 58960 | Depths:2 | Found a one-way gate leading to the halls of Pandemonium.
 58974 | Depths:2 | Gained mutation: You have difficulty communicating with the divine. [a neqoxec]
 58976 | Depths:2 | Gained mutation: Your spells are a little easier to cast, but a little less powerful. [a neqoxec]
 59233 | Depths:2 | Lost mutation: Your magical capacity is low (-10% MP). [Jiyva's grace]
 59234 | Depths:2 | Lost mutation: You have difficulty communicating with the divine. [Jiyva's power]
 59283 | Depths:2 | Lost mutation: Your spells are a little easier to cast, but a little less powerful. [Jiyva's grace]
 59350 | Depths:2 | Reached XP level 22. HP: 222/237 MP: 15/15
 59588 | Depths:3 | Reached skill level 19 in Fighting
 59871 | Depths:3 | Gained mutation: Your system is resistant to poisons. [Jiyva's grace]
 59897 | Depths:3 | Lost mutation: You are resistant to hostile enchantments. [Jiyva's grace]
 59930 | Depths:3 | Gained mutation: Your muscles are strong. (Str +2) [Jiyva's grace]
 59956 | Depths:3 | Reached skill level 10 in Shields
 60383 | Depths:3 | Gained mutation: You evolve. [Jiyva's grace]
 60438 | Depths:3 | Gained mutation: Your flesh is heat resistant. [Jiyva's grace]
 60534 | Depths:3 | Lost mutation: Thin tendrils of slime have grown from your body. [evolution]
 60534 | Depths:3 | Lost mutation: You evolve. [end of evolution]
 60705 | Depths:3 | Lost mutation: Your flesh is heat resistant. [Jiyva's grace]
 60772 | Depths:3 | Lost mutation: You are partially covered in icy blue scales (AC +1). [mutagenic meat]
 60841 | Depths:3 | Gained mutation: You are partially covered in icy blue scales (AC +1). [Jiyva's grace]
 61244 | Depths:4 | Reached skill level 15 in Unarmed Combat
 61325 | Depths:4 | Gained mutation: You are partially covered in rough black scales (AC +4, Dex -1). [Jiyva's grace]
 61589 | Depths:4 | Found a one-way gate to the infinite horrors of the Abyss.
 61637 | Depths:4 | Gained mutation: Armour fits poorly on your pseudopods. [Jiyva's grace]
 61644 | Depths:4 | Lost mutation: You are partially covered in icy blue scales (AC +1). [Jiyva's grace]
 61740 | Depths:4 | Gained mutation: You are partially covered in icy blue scales (AC +1). [Jiyva's grace]
 62355 | Depths:4 | Lost mutation: Your body is partially covered in golden eyeballs (Acc +3). [mutagenic meat]
 62356 | Depths:4 | Gained mutation: You expend magic power (3 MP) to slightly strengthen your wands. [mutagenic meat]
 62357 | Depths:4 | Lost mutation: You expend magic power (3 MP) to slightly strengthen your wands. [Jiyva's power]
 62718 | Depths:4 | Reached XP level 23. HP: 244/248 MP: 15/15
 62968 | Depths:4 | Gained mutation: You possess an exceptional clarity of mind. [mutagenic meat]
 62987 | Depths:4 | Gained mutation: You have a pair of small horns on your head. [mutagenic meat]
 63113 | Depths:5 | Entered Level 5 of the Depths
 63141 | Depths:4 | Paralysed by a sphinx for 6 turns
 63316 | Depths:5 | Gained mutation: Thin tendrils of slime have grown from your body. [Jiyva's grace]
 63615 | Depths:5 | Was placed under penance by Jiyva
 63701 | Depths:5 | Was forgiven by Jiyva
 63706 | Depths:5 | Gained mutation: You have sharp toenails. [Jiyva's grace]
 64200 | Depths:5 | Found a gate to the Realm of Zot.
 64289 | Depths:5 | Gained mutation: You can spit poison. [Jiyva's grace]
 64340 | Depths:5 | Gained mutation: Scrolls take you a little longer to read. [Jiyva's grace]
 64341 | Depths:5 | Lost mutation: Scrolls take you a little longer to read. [Jiyva's power]
 64346 | Depths:5 | Lost mutation: You have a pair of small horns on your head. [Jiyva's grace]
 64857 | Vaults:5 | Entered Level 5 of the Vaults
 64902 | Vaults:5 | Gained mutation: You have razor-sharp toenails. [Jiyva's grace]
 64956 | Vaults:5 | Gained mutation: You have very sharp teeth. [Jiyva's grace]
 65137 | Vaults:5 | Reached skill level 15 in Throwing
 65230 | Vaults:5 | Got a silver rune of Zot
 65240 | Vaults:5 | Got a transparent wooden ring
 65257 | Vaults:5 | Gained mutation: You tend to lose your temper in combat. [mutagenic meat]
 65274 | Vaults:5 | Lost mutation: You tend to lose your temper in combat. [Jiyva's power]
 65315 | Vaults:5 | Lost mutation: You have razor-sharp toenails. [Jiyva's grace]
 65324 | Vaults:5 | Identified the ring "Lunt" {rN+ Stlth-} (You found it on level 5 of the Vaults)
 65423 | Vaults:5 | Reached XP level 24. HP: 253/259 MP: 17/17
 65785 | Vaults:5 | Reached skill level 20 in Fighting
 66041 | Vaults:5 | Gained mutation: Your spells are a little harder to cast, but a little more powerful. [Jiyva's grace]
 66050 | Vaults:5 | Gained mutation: You have a pair of small horns on your head. [Jiyva's grace]
 66076 | Vaults:5 | Gained mutation: You have acidic saliva. [Jiyva's grace]
 66096 | Vaults:5 | Lost mutation: Your spells are a little harder to cast, but a little more powerful. [Jiyva's grace]
 66109 | Vaults:5 | Lost mutation: You possess an exceptional clarity of mind. [Jiyva's grace]
 66162 | Vaults:5 | Gained mutation: Your skin is partially translucent (Stealth, -foe acc). [Jiyva's grace]
 66264 | Vaults:5 | Noticed an ancient lich
 66273 | Vaults:5 | Killed an ancient lich
 66417 | Vaults:5 | Got a transparent lead ring
 66538 | Vaults:5 | Gained mutation: You are resistant to hostile enchantments. [Jiyva's grace]
 66550 | Vaults:5 | Gained mutation: You have a small jelly attached to you that may absorb incoming projectiles. [Jiyva's grace]
 66556 | Vaults:5 | Identified a +0 rod of destruction (13/13) (You took it off a deep elf knight on level 5 of the Vaults)
 66560 | Vaults:5 | Identified the ring "Soigipn" {rN+ Int+4 SInv} (You took it off a deep elf knight on level 5 of the Vaults)
 66617 | Vaults:5 | Gained mutation: You are agile. (Dex +2) [Jiyva's grace]
 66817 | Vaults:5 | Noticed an ancient lich
 66837 | Vaults:5 | Killed an ancient lich
 66904 | Vaults:5 | Lost mutation: You are agile. (Dex +2) [Jiyva's grace]
 67182 | D:15     | Gained mutation: Your flesh is cold resistant. [Jiyva's grace]
 67310 | Zot:1    | Entered Level 1 of the Realm of Zot
 67646 | Zot:1    | Gained mutation: Your muscles are very strong. (Str +4) [Jiyva's grace]
 67801 | Zot:1    | Lost mutation: You have sharp toenails. [Jiyva's grace]
 67985 | Zot:1    | Lost mutation: You have a pair of small horns on your head. [Jiyva's grace]
 68118 | Zot:1    | Gained mutation: Your spells are a little harder to cast, but a little more powerful. [Jiyva's grace]
 68991 | Zot:2    | Reached XP level 25. HP: 235/267 MP: 17/17
 69121 | Zot:2    | Lost mutation: Your spells are a little harder to cast, but a little more powerful. [Jiyva's grace]
 69151 | Zot:2    | Gained mutation: Armour fits poorly on your large pseudopods. [Jiyva's grace]
 69452 | Zot:2    | Lost mutation: You are partially covered in icy blue scales (AC +1). [Jiyva's grace]
 69525 | Zot:2    | Gained mutation: You are partially covered in icy blue scales (AC +1). [Jiyva's grace]
 69750 | Zot:3    | Gained mutation: You have sharp toenails. [Jiyva's grace]
 70083 | Zot:3    | Lost mutation: You are resistant to hostile enchantments. [Jiyva's grace]
 70336 | Zot:3    | Gained mutation: You can breathe flames. [Jiyva's grace]
 70522 | Zot:3    | Lost mutation: You have sharp toenails. [Jiyva's grace]
 71311 | Zot:3    | Noticed an orb of fire
 71316 | Zot:3    | Gained mutation: You expend magic power (3 MP) to slightly strengthen your wands. [an orb of fire]
 71327 | Zot:3    | Killed an orb of fire
 71369 | Zot:3    | Lost mutation: Armour fits poorly on your large pseudopods. [Jiyva's grace]
 71544 | Zot:3    | Reached skill level 21 in Fighting
 71671 | Zot:4    | Found a shattered altar of Ashenzari.
 71688 | Zot:4    | Found a deep blue altar of Sif Muna.
 71701 | Zot:4    | Found a radiant altar of Vehumet.
 71720 | Zot:5    | Entered Level 5 of the Realm of Zot
 71754 | Zot:4    | Gained mutation: You are agile. (Dex +2) [Jiyva's grace]
 71950 | Zot:4    | Reached XP level 26. HP: 219/279 MP: 17/17
 73077 | Zot:5    | Lost mutation: You expend magic power (3 MP) to slightly strengthen your wands. [Jiyva's power]
 73410 | Zot:5    | Noticed an orb of fire
 73411 | Zot:5    | Noticed an orb of fire
 73415 | Zot:5    | Noticed an ancient lich
 73419 | Zot:5    | Noticed an orb of fire
 73444 | Zot:5    | Killed from afar by an orb of fire

Action                   |  1- 3 |  4- 6 |  7- 9 | 10-12 | 13-15 | 16-18 | 19-21 | 22-24 | 25-27 || total
-------------------------+-------+-------+-------+-------+-------+-------+-------+-------+-------++-------
Melee: Unarmed           |    97 |   196 |   512 |  1005 |  2525 |  2782 |  2832 |  2257 |   807 || 13013
Throw: Large rock        |       |       |    12 |    50 |    94 |    72 |   105 |    41 |    66 ||   440
       Tomahawk          |       |       |       |     2 |     5 |       |       |       |       ||     7
       Throwing net      |       |       |       |     1 |       |       |       |       |       ||     1
Invok: Request Jelly     |       |       |       |       |     5 |       |       |       |       ||     5
       Cure Bad Mutation |       |       |       |       |     2 |     4 |     6 |     5 |     2 ||    19
       Slimify           |       |       |       |       |       |       |       |     1 |       ||     1
 Abil: Spit Poison       |       |       |       |       |       |       |     1 |       |       ||     1
       Breathe Fire      |       |       |       |       |       |       |     1 |       |       ||     1
Evoke: Wand              |       |       |       |       |     7 |    20 |     3 |     4 |     1 ||    35
       Sack of spiders   |       |       |       |       |       |       |     1 |       |       ||     1
  Use: Potion            |       |       |     2 |     8 |    20 |    10 |     7 |     5 |     2 ||    54
       Scroll            |       |       |     6 |    15 |     6 |    15 |     4 |    16 |     4 ||    66
 Stab: Sleeping          |     1 |     1 |     5 |     7 |    29 |    21 |    19 |     2 |     5 ||    90
       Distracted        |       |       |       |     1 |     4 |    12 |    10 |    11 |     1 ||    39
       Held in net/web   |       |       |       |       |       |     1 |       |       |       ||     1
       Confused          |       |       |       |       |       |     8 |    16 |     9 |     7 ||    40
       Petrified         |       |       |       |       |       |       |       |     4 |       ||     4
       Fleeing           |       |       |       |       |       |       |       |     1 |       ||     1
  Eat: Chunk             |    11 |    18 |    33 |    74 |    74 |    91 |    52 |    34 |     1 ||   388
       Meat ration       |       |     1 |       |       |       |       |       |       |       ||     1
       Pizza             |       |       |     1 |     1 |       |       |       |       |       ||     2
       Beef jerky        |       |       |     1 |       |       |       |     1 |     2 |       ||     4
       Fruit             |       |       |       |       |       |       |     9 |       |       ||     9
       Bread ration      |       |       |       |       |       |       |       |     1 |     6 ||     7
